Workbook

Sheet Resumo
A1: Resumo — centros de custo dos ministérios
A2: Indicadores calculados a partir dos lançamentos. Confira os registros antes de tomar decisões administrativas.
A3: Data de referência | B3: 46266
A4: Indicadores do período
A5: Limite mensal ativo | B5: =IF(COUNTIFS('Premissas'!$A$5:$A$104,"<>",'Premissas'!$C$5:$C$104,"Sim")=0,"",IFERROR(SUMIFS('Premissas'!$B$5:$B$104,'Premissas'!$A$5:$A$104,"<>",'Premissas'!$C$5:$C$104,"Sim"),"")) | D5: Valor comprometido | E5: =IF($B$3="","",IF(COUNTIFS('Lançamentos'!$A$5:$A$104,">="&DATE(YEAR($B$3),MONTH($B$3),1),'Lançamentos'!$A$5:$A$104,"<="&EOMONTH($B$3,0))=0,"",IFERROR(SUMIFS('Lançamentos'!$H$5:$H$104,'Lançamentos'!$A$5:$A$104,">="&DATE(YEAR($B$3),MONTH($B$3),1),'Lançamentos'!$A$5:$A$104,"<="&EOMONTH($B$3,0),'Lançamentos'!$I$5:$I$104,'Premissas'!$H$6)+SUMIFS('Lançamentos'!$H$5:$H$104,'Lançamentos'!$A$5:$A$104,">="&DATE(YEAR($B$3),MONTH($B$3),1),'Lançamentos'!$A$5:$A$104,"<="&EOMONTH($B$3,0),'Lançamentos'!$I$5:$I$104,'Premissas'!$H$7),0))) | G5: Valor pago | H5: =IF($B$3="","",IF(COUNTIFS('Lançamentos'!$A$5:$A$104,">="&DATE(YEAR($B$3),MONTH($B$3),1),'Lançamentos'!$A$5:$A$104,"<="&EOMONTH($B$3,0))=0,"",IFERROR(SUMIFS('Lançamentos'!$H$5:$H$104,'Lançamentos'!$A$5:$A$104,">="&DATE(YEAR($B$3),MONTH($B$3),1),'Lançamentos'!$A$5:$A$104,"<="&EOMONTH($B$3,0),'Lançamentos'!$I$5:$I$104,'Premissas'!$H$7),0)))
A6: Saldo após compromisso | B6: =IF(OR(B5="",E5=""),"",B5-E5) | D6: Lançamentos no período | E6: =IF($B$3="","",IFERROR(IF(COUNTIFS('Lançamentos'!$A$5:$A$104,">="&DATE(YEAR($B$3),MONTH($B$3),1),'Lançamentos'!$A$5:$A$104,"<="&EOMONTH($B$3,0))=0,"",COUNTIFS('Lançamentos'!$A$5:$A$104,">="&DATE(YEAR($B$3),MONTH($B$3),1),'Lançamentos'!$A$5:$A$104,"<="&EOMONTH($B$3,0))),"")) | G6: Uso do limite | H6: =IF(OR(B5="",B5=0,E5=""),"",IFERROR(E5/B5,""))
A7: Valor previsto | B7: =IF($B$3="","",IF(COUNTIFS('Lançamentos'!$A$5:$A$104,">="&DATE(YEAR($B$3),MONTH($B$3),1),'Lançamentos'!$A$5:$A$104,"<="&EOMONTH($B$3,0))=0,"",IFERROR(SUMIFS('Lançamentos'!$H$5:$H$104,'Lançamentos'!$A$5:$A$104,">="&DATE(YEAR($B$3),MONTH($B$3),1),'Lançamentos'!$A$5:$A$104,"<="&EOMONTH($B$3,0),'Lançamentos'!$I$5:$I$104,'Premissas'!$H$5),0))) | D7: Data inicial | E7: =IF($B$3="","",DATE(YEAR($B$3),MONTH($B$3),1)) | G7: Data final | H7: =IF($B$3="","",EOMONTH($B$3,0))
A9: Acompanhamento por ministério
A10: Ministério | B10: Limite mensal | C10: Previsto | D10: Aprovado | E10: Pago | F10: Comprometido | G10: Saldo | H10: Uso do limite | I10: Alerta para conferência
A11: =IF('Premissas'!A5="","",'Premissas'!A5) | B11: =IF(A11="","",IFERROR(VLOOKUP(A11,'Premissas'!$A$5:$B$104,2,FALSE),"")) | C11: =IF(OR($A11="",$E$7="",$H$7=""),"",IF(COUNTIFS('Lançamentos'!$A$5:$A$104,">="&$E$7,'Lançamentos'!$A$5:$A$104,"<="&$H$7,'Lançamentos'!$C$5:$C$104,$A11,'Lançamentos'!$I$5:$I$104,'Premissas'!$H$5)=0,"",IFERROR(SUMIFS('Lançamentos'!$H$5:$H$104,'Lançamentos'!$A$5:$A$104,">="&$E$7,'Lançamentos'!$A$5:$A$104,"<="&$H$7,'Lançamentos'!$C$5:$C$104,$A11,'Lançamentos'!$I$5:$I$104,'Premissas'!$H$5),0))) | D11: =IF(OR($A11="",$E$7="",$H$7=""),"",IF(COUNTIFS('Lançamentos'!$A$5:$A$104,">="&$E$7,'Lançamentos'!$A$5:$A$104,"<="&$H$7,'Lançamentos'!$C$5:$C$104,$A11,'Lançamentos'!$I$5:$I$104,'Premissas'!$H$6)=0,"",IFERROR(SUMIFS('Lançamentos'!$H$5:$H$104,'Lançamentos'!$A$5:$A$104,">="&$E$7,'Lançamentos'!$A$5:$A$104,"<="&$H$7,'Lançamentos'!$C$5:$C$104,$A11,'Lançamentos'!$I$5:$I$104,'Premissas'!$H$6),0))) | E11: =IF(OR($A11="",$E$7="",$H$7=""),"",IF(COUNTIFS('Lançamentos'!$A$5:$A$104,">="&$E$7,'Lançamentos'!$A$5:$A$104,"<="&$H$7,'Lançamentos'!$C$5:$C$104,$A11,'Lançamentos'!$I$5:$I$104,'Premissas'!$H$7)=0,"",IFERROR(SUMIFS('Lançamentos'!$H$5:$H$104,'Lançamentos'!$A$5:$A$104,">="&$E$7,'Lançamentos'!$A$5:$A$104,"<="&$H$7,'Lançamentos'!$C$5:$C$104,$A11,'Lançamentos'!$I$5:$I$104,'Premissas'!$H$7),0))) | F11: =IF(A11="","",IF(COUNT(D11:E11)=0,"",SUM(D11:E11))) | G11: =IF(OR(A11="",B11=""),"",B11-SUM(D11:E11)) | H11: =IF(OR(B11="",B11=0,F11=""),"",IFERROR(F11/B11,"")) | I11: =IF(A11="","",IF(B11="","Defina limite",IF(F11="","Sem compromisso",IF(G11<0,"Conferir excesso",IF(H11>=0.8,"Atenção ao limite","Dentro do limite")))))
A12: =IF('Premissas'!A6="","",'Premissas'!A6) | B12: =IF(A12="","",IFERROR(VLOOKUP(A12,'Premissas'!$A$5:$B$104,2,FALSE),"")) | C12: =IF(OR($A12="",$E$7="",$H$7=""),"",IF(COUNTIFS('Lançamentos'!$A$5:$A$104,">="&$E$7,'Lançamentos'!$A$5:$A$104,"<="&$H$7,'Lançamentos'!$C$5:$C$104,$A12,'Lançamentos'!$I$5:$I$104,'Premissas'!$H$5)=0,"",IFERROR(SUMIFS('Lançamentos'!$H$5:$H$104,'Lançamentos'!$A$5:$A$104,">="&$E$7,'Lançamentos'!$A$5:$A$104,"<="&$H$7,'Lançamentos'!$C$5:$C$104,$A12,'Lançamentos'!$I$5:$I$104,'Premissas'!$H$5),0))) | D12: =IF(OR($A12="",$E$7="",$H$7=""),"",IF(COUNTIFS('Lançamentos'!$A$5:$A$104,">="&$E$7,'Lançamentos'!$A$5:$A$104,"<="&$H$7,'Lançamentos'!$C$5:$C$104,$A12,'Lançamentos'!$I$5:$I$104,'Premissas'!$H$6)=0,"",IFERROR(SUMIFS('Lançamentos'!$H$5:$H$104,'Lançamentos'!$A$5:$A$104,">="&$E$7,'Lançamentos'!$A$5:$A$104,"<="&$H$7,'Lançamentos'!$C$5:$C$104,$A12,'Lançamentos'!$I$5:$I$104,'Premissas'!$H$6),0))) | E12: =IF(OR($A12="",$E$7="",$H$7=""),"",IF(COUNTIFS('Lançamentos'!$A$5:$A$104,">="&$E$7,'Lançamentos'!$A$5:$A$104,"<="&$H$7,'Lançamentos'!$C$5:$C$104,$A12,'Lançamentos'!$I$5:$I$104,'Premissas'!$H$7)=0,"",IFERROR(SUMIFS('Lançamentos'!$H$5:$H$104,'Lançamentos'!$A$5:$A$104,">="&$E$7,'Lançamentos'!$A$5:$A$104,"<="&$H$7,'Lançamentos'!$C$5:$C$104,$A12,'Lançamentos'!$I$5:$I$104,'Premissas'!$H$7),0))) | F12: =IF(A12="","",IF(COUNT(D12:E12)=0,"",SUM(D12:E12))) | G12: =IF(OR(A12="",B12=""),"",B12-SUM(D12:E12)) | H12: =IF(OR(B12="",B12=0,F12=""),"",IFERROR(F12/B12,"")) | I12: =IF(A12="","",IF(B12="","Defina limite",IF(F12="","Sem compromisso",IF(G12<0,"Conferir excesso",IF(H12>=0.8,"Atenção ao limite","Dentro do limite")))))
A13: =IF('Premissas'!A7="","",'Premissas'!A7) | B13: =IF(A13="","",IFERROR(VLOOKUP(A13,'Premissas'!$A$5:$B$104,2,FALSE),"")) | C13: =IF(OR($A13="",$E$7="",$H$7=""),"",IF(COUNTIFS('Lançamentos'!$A$5:$A$104,">="&$E$7,'Lançamentos'!$A$5:$A$104,"<="&$H$7,'Lançamentos'!$C$5:$C$104,$A13,'Lançamentos'!$I$5:$I$104,'Premissas'!$H$5)=0,"",IFERROR(SUMIFS('Lançamentos'!$H$5:$H$104,'Lançamentos'!$A$5:$A$104,">="&$E$7,'Lançamentos'!$A$5:$A$104,"<="&$H$7,'Lançamentos'!$C$5:$C$104,$A13,'Lançamentos'!$I$5:$I$104,'Premissas'!$H$5),0))) | D13: =IF(OR($A13="",$E$7="",$H$7=""),"",IF(COUNTIFS('Lançamentos'!$A$5:$A$104,">="&$E$7,'Lançamentos'!$A$5:$A$104,"<="&$H$7,'Lançamentos'!$C$5:$C$104,$A13,'Lançamentos'!$I$5:$I$104,'Premissas'!$H$6)=0,"",IFERROR(SUMIFS('Lançamentos'!$H$5:$H$104,'Lançamentos'!$A$5:$A$104,">="&$E$7,'Lançamentos'!$A$5:$A$104,"<="&$H$7,'Lançamentos'!$C$5:$C$104,$A13,'Lançamentos'!$I$5:$I$104,'Premissas'!$H$6),0))) | E13: =IF(OR($A13="",$E$7="",$H$7=""),"",IF(COUNTIFS('Lançamentos'!$A$5:$A$104,">="&$E$7,'Lançamentos'!$A$5:$A$104,"<="&$H$7,'Lançamentos'!$C$5:$C$104,$A13,'Lançamentos'!$I$5:$I$104,'Premissas'!$H$7)=0,"",IFERROR(SUMIFS('Lançamentos'!$H$5:$H$104,'Lançamentos'!$A$5:$A$104,">="&$E$7,'Lançamentos'!$A$5:$A$104,"<="&$H$7,'Lançamentos'!$C$5:$C$104,$A13,'Lançamentos'!$I$5:$I$104,'Premissas'!$H$7),0))) | F13: =IF(A13="","",IF(COUNT(D13:E13)=0,"",SUM(D13:E13))) | G13: =IF(OR(A13="",B13=""),"",B13-SUM(D13:E13)) | H13: =IF(OR(B13="",B13=0,F13=""),"",IFERROR(F13/B13,"")) | I13: =IF(A13="","",IF(B13="","Defina limite",IF(F13="","Sem compromisso",IF(G13<0,"Conferir excesso",IF(H13>=0.8,"Atenção ao limite","Dentro do limite")))))
A14: =IF('Premissas'!A8="","",'Premissas'!A8) | B14: =IF(A14="","",IFERROR(VLOOKUP(A14,'Premissas'!$A$5:$B$104,2,FALSE),"")) | C14: =IF(OR($A14="",$E$7="",$H$7=""),"",IF(COUNTIFS('Lançamentos'!$A$5:$A$104,">="&$E$7,'Lançamentos'!$A$5:$A$104,"<="&$H$7,'Lançamentos'!$C$5:$C$104,$A14,'Lançamentos'!$I$5:$I$104,'Premissas'!$H$5)=0,"",IFERROR(SUMIFS('Lançamentos'!$H$5:$H$104,'Lançamentos'!$A$5:$A$104,">="&$E$7,'Lançamentos'!$A$5:$A$104,"<="&$H$7,'Lançamentos'!$C$5:$C$104,$A14,'Lançamentos'!$I$5:$I$104,'Premissas'!$H$5),0))) | D14: =IF(OR($A14="",$E$7="",$H$7=""),"",IF(COUNTIFS('Lançamentos'!$A$5:$A$104,">="&$E$7,'Lançamentos'!$A$5:$A$104,"<="&$H$7,'Lançamentos'!$C$5:$C$104,$A14,'Lançamentos'!$I$5:$I$104,'Premissas'!$H$6)=0,"",IFERROR(SUMIFS('Lançamentos'!$H$5:$H$104,'Lançamentos'!$A$5:$A$104,">="&$E$7,'Lançamentos'!$A$5:$A$104,"<="&$H$7,'Lançamentos'!$C$5:$C$104,$A14,'Lançamentos'!$I$5:$I$104,'Premissas'!$H$6),0))) | E14: =IF(OR($A14="",$E$7="",$H$7=""),"",IF(COUNTIFS('Lançamentos'!$A$5:$A$104,">="&$E$7,'Lançamentos'!$A$5:$A$104,"<="&$H$7,'Lançamentos'!$C$5:$C$104,$A14,'Lançamentos'!$I$5:$I$104,'Premissas'!$H$7)=0,"",IFERROR(SUMIFS('Lançamentos'!$H$5:$H$104,'Lançamentos'!$A$5:$A$104,">="&$E$7,'Lançamentos'!$A$5:$A$104,"<="&$H$7,'Lançamentos'!$C$5:$C$104,$A14,'Lançamentos'!$I$5:$I$104,'Premissas'!$H$7),0))) | F14: =IF(A14="","",IF(COUNT(D14:E14)=0,"",SUM(D14:E14))) | G14: =IF(OR(A14="",B14=""),"",B14-SUM(D14:E14)) | H14: =IF(OR(B14="",B14=0,F14=""),"",IFERROR(F14/B14,"")) | I14: =IF(A14="","",IF(B14="","Defina limite",IF(F14="","Sem compromisso",IF(G14<0,"Conferir excesso",IF(H14>=0.8,"Atenção ao limite","Dentro do limite")))))
A15: =IF('Premissas'!A9="","",'Premissas'!A9) | B15: =IF(A15="","",IFERROR(VLOOKUP(A15,'Premissas'!$A$5:$B$104,2,FALSE),"")) | C15: =IF(OR($A15="",$E$7="",$H$7=""),"",IF(COUNTIFS('Lançamentos'!$A$5:$A$104,">="&$E$7,'Lançamentos'!$A$5:$A$104,"<="&$H$7,'Lançamentos'!$C$5:$C$104,$A15,'Lançamentos'!$I$5:$I$104,'Premissas'!$H$5)=0,"",IFERROR(SUMIFS('Lançamentos'!$H$5:$H$104,'Lançamentos'!$A$5:$A$104,">="&$E$7,'Lançamentos'!$A$5:$A$104,"<="&$H$7,'Lançamentos'!$C$5:$C$104,$A15,'Lançamentos'!$I$5:$I$104,'Premissas'!$H$5),0))) | D15: =IF(OR($A15="",$E$7="",$H$7=""),"",IF(COUNTIFS('Lançamentos'!$A$5:$A$104,">="&$E$7,'Lançamentos'!$A$5:$A$104,"<="&$H$7,'Lançamentos'!$C$5:$C$104,$A15,'Lançamentos'!$I$5:$I$104,'Premissas'!$H$6)=0,"",IFERROR(SUMIFS('Lançamentos'!$H$5:$H$104,'Lançamentos'!$A$5:$A$104,">="&$E$7,'Lançamentos'!$A$5:$A$104,"<="&$H$7,'Lançamentos'!$C$5:$C$104,$A15,'Lançamentos'!$I$5:$I$104,'Premissas'!$H$6),0))) | E15: =IF(OR($A15="",$E$7="",$H$7=""),"",IF(COUNTIFS('Lançamentos'!$A$5:$A$104,">="&$E$7,'Lançamentos'!$A$5:$A$104,"<="&$H$7,'Lançamentos'!$C$5:$C$104,$A15,'Lançamentos'!$I$5:$I$104,'Premissas'!$H$7)=0,"",IFERROR(SUMIFS('Lançamentos'!$H$5:$H$104,'Lançamentos'!$A$5:$A$104,">="&$E$7,'Lançamentos'!$A$5:$A$104,"<="&$H$7,'Lançamentos'!$C$5:$C$104,$A15,'Lançamentos'!$I$5:$I$104,'Premissas'!$H$7),0))) | F15: =IF(A15="","",IF(COUNT(D15:E15)=0,"",SUM(D15:E15))) | G15: =IF(OR(A15="",B15=""),"",B15-SUM(D15:E15)) | H15: =IF(OR(B15="",B15=0,F15=""),"",IFERROR(F15/B15,"")) | I15: =IF(A15="","",IF(B15="","Defina limite",IF(F15="","Sem compromisso",IF(G15<0,"Conferir excesso",IF(H15>=0.8,"Atenção ao limite","Dentro do limite")))))
A16: =IF('Premissas'!A10="","",'Premissas'!A10) | B16: =IF(A16="","",IFERROR(VLOOKUP(A16,'Premissas'!$A$5:$B$104,2,FALSE),"")) | C16: =IF(OR($A16="",$E$7="",$H$7=""),"",IF(COUNTIFS('Lançamentos'!$A$5:$A$104,">="&$E$7,'Lançamentos'!$A$5:$A$104,"<="&$H$7,'Lançamentos'!$C$5:$C$104,$A16,'Lançamentos'!$I$5:$I$104,'Premissas'!$H$5)=0,"",IFERROR(SUMIFS('Lançamentos'!$H$5:$H$104,'Lançamentos'!$A$5:$A$104,">="&$E$7,'Lançamentos'!$A$5:$A$104,"<="&$H$7,'Lançamentos'!$C$5:$C$104,$A16,'Lançamentos'!$I$5:$I$104,'Premissas'!$H$5),0))) | D16: =IF(OR($A16="",$E$7="",$H$7=""),"",IF(COUNTIFS('Lançamentos'!$A$5:$A$104,">="&$E$7,'Lançamentos'!$A$5:$A$104,"<="&$H$7,'Lançamentos'!$C$5:$C$104,$A16,'Lançamentos'!$I$5:$I$104,'Premissas'!$H$6)=0,"",IFERROR(SUMIFS('Lançamentos'!$H$5:$H$104,'Lançamentos'!$A$5:$A$104,">="&$E$7,'Lançamentos'!$A$5:$A$104,"<="&$H$7,'Lançamentos'!$C$5:$C$104,$A16,'Lançamentos'!$I$5:$I$104,'Premissas'!$H$6),0))) | E16: =IF(OR($A16="",$E$7="",$H$7=""),"",IF(COUNTIFS('Lançamentos'!$A$5:$A$104,">="&$E$7,'Lançamentos'!$A$5:$A$104,"<="&$H$7,'Lançamentos'!$C$5:$C$104,$A16,'Lançamentos'!$I$5:$I$104,'Premissas'!$H$7)=0,"",IFERROR(SUMIFS('Lançamentos'!$H$5:$H$104,'Lançamentos'!$A$5:$A$104,">="&$E$7,'Lançamentos'!$A$5:$A$104,"<="&$H$7,'Lançamentos'!$C$5:$C$104,$A16,'Lançamentos'!$I$5:$I$104,'Premissas'!$H$7),0))) | F16: =IF(A16="","",IF(COUNT(D16:E16)=0,"",SUM(D16:E16))) | G16: =IF(OR(A16="",B16=""),"",B16-SUM(D16:E16)) | H16: =IF(OR(B16="",B16=0,F16=""),"",IFERROR(F16/B16,"")) | I16: =IF(A16="","",IF(B16="","Defina limite",IF(F16="","Sem compromisso",IF(G16<0,"Conferir excesso",IF(H16>=0.8,"Atenção ao limite","Dentro do limite")))))
A17: =IF('Premissas'!A11="","",'Premissas'!A11) | B17: =IF(A17="","",IFERROR(VLOOKUP(A17,'Premissas'!$A$5:$B$104,2,FALSE),"")) | C17: =IF(OR($A17="",$E$7="",$H$7=""),"",IF(COUNTIFS('Lançamentos'!$A$5:$A$104,">="&$E$7,'Lançamentos'!$A$5:$A$104,"<="&$H$7,'Lançamentos'!$C$5:$C$104,$A17,'Lançamentos'!$I$5:$I$104,'Premissas'!$H$5)=0,"",IFERROR(SUMIFS('Lançamentos'!$H$5:$H$104,'Lançamentos'!$A$5:$A$104,">="&$E$7,'Lançamentos'!$A$5:$A$104,"<="&$H$7,'Lançamentos'!$C$5:$C$104,$A17,'Lançamentos'!$I$5:$I$104,'Premissas'!$H$5),0))) | D17: =IF(OR($A17="",$E$7="",$H$7=""),"",IF(COUNTIFS('Lançamentos'!$A$5:$A$104,">="&$E$7,'Lançamentos'!$A$5:$A$104,"<="&$H$7,'Lançamentos'!$C$5:$C$104,$A17,'Lançamentos'!$I$5:$I$104,'Premissas'!$H$6)=0,"",IFERROR(SUMIFS('Lançamentos'!$H$5:$H$104,'Lançamentos'!$A$5:$A$104,">="&$E$7,'Lançamentos'!$A$5:$A$104,"<="&$H$7,'Lançamentos'!$C$5:$C$104,$A17,'Lançamentos'!$I$5:$I$104,'Premissas'!$H$6),0))) | E17: =IF(OR($A17="",$E$7="",$H$7=""),"",IF(COUNTIFS('Lançamentos'!$A$5:$A$104,">="&$E$7,'Lançamentos'!$A$5:$A$104,"<="&$H$7,'Lançamentos'!$C$5:$C$104,$A17,'Lançamentos'!$I$5:$I$104,'Premissas'!$H$7)=0,"",IFERROR(SUMIFS('Lançamentos'!$H$5:$H$104,'Lançamentos'!$A$5:$A$104,">="&$E$7,'Lançamentos'!$A$5:$A$104,"<="&$H$7,'Lançamentos'!$C$5:$C$104,$A17,'Lançamentos'!$I$5:$I$104,'Premissas'!$H$7),0))) | F17: =IF(A17="","",IF(COUNT(D17:E17)=0,"",SUM(D17:E17))) | G17: =IF(OR(A17="",B17=""),"",B17-SUM(D17:E17)) | H17: =IF(OR(B17="",B17=0,F17=""),"",IFERROR(F17/B17,"")) | I17: =IF(A17="","",IF(B17="","Defina limite",IF(F17="","Sem compromisso",IF(G17<0,"Conferir excesso",IF(H17>=0.8,"Atenção ao limite","Dentro do limite")))))
A18: =IF('Premissas'!A12="","",'Premissas'!A12) | B18: =IF(A18="","",IFERROR(VLOOKUP(A18,'Premissas'!$A$5:$B$104,2,FALSE),"")) | C18: =IF(OR($A18="",$E$7="",$H$7=""),"",IF(COUNTIFS('Lançamentos'!$A$5:$A$104,">="&$E$7,'Lançamentos'!$A$5:$A$104,"<="&$H$7,'Lançamentos'!$C$5:$C$104,$A18,'Lançamentos'!$I$5:$I$104,'Premissas'!$H$5)=0,"",IFERROR(SUMIFS('Lançamentos'!$H$5:$H$104,'Lançamentos'!$A$5:$A$104,">="&$E$7,'Lançamentos'!$A$5:$A$104,"<="&$H$7,'Lançamentos'!$C$5:$C$104,$A18,'Lançamentos'!$I$5:$I$104,'Premissas'!$H$5),0))) | D18: =IF(OR($A18="",$E$7="",$H$7=""),"",IF(COUNTIFS('Lançamentos'!$A$5:$A$104,">="&$E$7,'Lançamentos'!$A$5:$A$104,"<="&$H$7,'Lançamentos'!$C$5:$C$104,$A18,'Lançamentos'!$I$5:$I$104,'Premissas'!$H$6)=0,"",IFERROR(SUMIFS('Lançamentos'!$H$5:$H$104,'Lançamentos'!$A$5:$A$104,">="&$E$7,'Lançamentos'!$A$5:$A$104,"<="&$H$7,'Lançamentos'!$C$5:$C$104,$A18,'Lançamentos'!$I$5:$I$104,'Premissas'!$H$6),0))) | E18: =IF(OR($A18="",$E$7="",$H$7=""),"",IF(COUNTIFS('Lançamentos'!$A$5:$A$104,">="&$E$7,'Lançamentos'!$A$5:$A$104,"<="&$H$7,'Lançamentos'!$C$5:$C$104,$A18,'Lançamentos'!$I$5:$I$104,'Premissas'!$H$7)=0,"",IFERROR(SUMIFS('Lançamentos'!$H$5:$H$104,'Lançamentos'!$A$5:$A$104,">="&$E$7,'Lançamentos'!$A$5:$A$104,"<="&$H$7,'Lançamentos'!$C$5:$C$104,$A18,'Lançamentos'!$I$5:$I$104,'Premissas'!$H$7),0))) | F18: =IF(A18="","",IF(COUNT(D18:E18)=0,"",SUM(D18:E18))) | G18: =IF(OR(A18="",B18=""),"",B18-SUM(D18:E18)) | H18: =IF(OR(B18="",B18=0,F18=""),"",IFERROR(F18/B18,"")) | I18: =IF(A18="","",IF(B18="","Defina limite",IF(F18="","Sem compromisso",IF(G18<0,"Conferir excesso",IF(H18>=0.8,"Atenção ao limite","Dentro do limite")))))
A19: =IF('Premissas'!A13="","",'Premissas'!A13) | B19: =IF(A19="","",IFERROR(VLOOKUP(A19,'Premissas'!$A$5:$B$104,2,FALSE),"")) | C19: =IF(OR($A19="",$E$7="",$H$7=""),"",IF(COUNTIFS('Lançamentos'!$A$5:$A$104,">="&$E$7,'Lançamentos'!$A$5:$A$104,"<="&$H$7,'Lançamentos'!$C$5:$C$104,$A19,'Lançamentos'!$I$5:$I$104,'Premissas'!$H$5)=0,"",IFERROR(SUMIFS('Lançamentos'!$H$5:$H$104,'Lançamentos'!$A$5:$A$104,">="&$E$7,'Lançamentos'!$A$5:$A$104,"<="&$H$7,'Lançamentos'!$C$5:$C$104,$A19,'Lançamentos'!$I$5:$I$104,'Premissas'!$H$5),0))) | D19: =IF(OR($A19="",$E$7="",$H$7=""),"",IF(COUNTIFS('Lançamentos'!$A$5:$A$104,">="&$E$7,'Lançamentos'!$A$5:$A$104,"<="&$H$7,'Lançamentos'!$C$5:$C$104,$A19,'Lançamentos'!$I$5:$I$104,'Premissas'!$H$6)=0,"",IFERROR(SUMIFS('Lançamentos'!$H$5:$H$104,'Lançamentos'!$A$5:$A$104,">="&$E$7,'Lançamentos'!$A$5:$A$104,"<="&$H$7,'Lançamentos'!$C$5:$C$104,$A19,'Lançamentos'!$I$5:$I$104,'Premissas'!$H$6),0))) | E19: =IF(OR($A19="",$E$7="",$H$7=""),"",IF(COUNTIFS('Lançamentos'!$A$5:$A$104,">="&$E$7,'Lançamentos'!$A$5:$A$104,"<="&$H$7,'Lançamentos'!$C$5:$C$104,$A19,'Lançamentos'!$I$5:$I$104,'Premissas'!$H$7)=0,"",IFERROR(SUMIFS('Lançamentos'!$H$5:$H$104,'Lançamentos'!$A$5:$A$104,">="&$E$7,'Lançamentos'!$A$5:$A$104,"<="&$H$7,'Lançamentos'!$C$5:$C$104,$A19,'Lançamentos'!$I$5:$I$104,'Premissas'!$H$7),0))) | F19: =IF(A19="","",IF(COUNT(D19:E19)=0,"",SUM(D19:E19))) | G19: =IF(OR(A19="",B19=""),"",B19-SUM(D19:E19)) | H19: =IF(OR(B19="",B19=0,F19=""),"",IFERROR(F19/B19,"")) | I19: =IF(A19="","",IF(B19="","Defina limite",IF(F19="","Sem compromisso",IF(G19<0,"Conferir excesso",IF(H19>=0.8,"Atenção ao limite","Dentro do limite")))))
A20: =IF('Premissas'!A14="","",'Premissas'!A14) | B20: =IF(A20="","",IFERROR(VLOOKUP(A20,'Premissas'!$A$5:$B$104,2,FALSE),"")) | C20: =IF(OR($A20="",$E$7="",$H$7=""),"",IF(COUNTIFS('Lançamentos'!$A$5:$A$104,">="&$E$7,'Lançamentos'!$A$5:$A$104,"<="&$H$7,'Lançamentos'!$C$5:$C$104,$A20,'Lançamentos'!$I$5:$I$104,'Premissas'!$H$5)=0,"",IFERROR(SUMIFS('Lançamentos'!$H$5:$H$104,'Lançamentos'!$A$5:$A$104,">="&$E$7,'Lançamentos'!$A$5:$A$104,"<="&$H$7,'Lançamentos'!$C$5:$C$104,$A20,'Lançamentos'!$I$5:$I$104,'Premissas'!$H$5),0))) | D20: =IF(OR($A20="",$E$7="",$H$7=""),"",IF(COUNTIFS('Lançamentos'!$A$5:$A$104,">="&$E$7,'Lançamentos'!$A$5:$A$104,"<="&$H$7,'Lançamentos'!$C$5:$C$104,$A20,'Lançamentos'!$I$5:$I$104,'Premissas'!$H$6)=0,"",IFERROR(SUMIFS('Lançamentos'!$H$5:$H$104,'Lançamentos'!$A$5:$A$104,">="&$E$7,'Lançamentos'!$A$5:$A$104,"<="&$H$7,'Lançamentos'!$C$5:$C$104,$A20,'Lançamentos'!$I$5:$I$104,'Premissas'!$H$6),0))) | E20: =IF(OR($A20="",$E$7="",$H$7=""),"",IF(COUNTIFS('Lançamentos'!$A$5:$A$104,">="&$E$7,'Lançamentos'!$A$5:$A$104,"<="&$H$7,'Lançamentos'!$C$5:$C$104,$A20,'Lançamentos'!$I$5:$I$104,'Premissas'!$H$7)=0,"",IFERROR(SUMIFS('Lançamentos'!$H$5:$H$104,'Lançamentos'!$A$5:$A$104,">="&$E$7,'Lançamentos'!$A$5:$A$104,"<="&$H$7,'Lançamentos'!$C$5:$C$104,$A20,'Lançamentos'!$I$5:$I$104,'Premissas'!$H$7),0))) | F20: =IF(A20="","",IF(COUNT(D20:E20)=0,"",SUM(D20:E20))) | G20: =IF(OR(A20="",B20=""),"",B20-SUM(D20:E20)) | H20: =IF(OR(B20="",B20=0,F20=""),"",IFERROR(F20/B20,"")) | I20: =IF(A20="","",IF(B20="","Defina limite",IF(F20="","Sem compromisso",IF(G20<0,"Conferir excesso",IF(H20>=0.8,"Atenção ao limite","Dentro do limite")))))
A21: =IF('Premissas'!A15="","",'Premissas'!A15) | B21: =IF(A21="","",IFERROR(VLOOKUP(A21,'Premissas'!$A$5:$B$104,2,FALSE),"")) | C21: =IF(OR($A21="",$E$7="",$H$7=""),"",IF(COUNTIFS('Lançamentos'!$A$5:$A$104,">="&$E$7,'Lançamentos'!$A$5:$A$104,"<="&$H$7,'Lançamentos'!$C$5:$C$104,$A21,'Lançamentos'!$I$5:$I$104,'Premissas'!$H$5)=0,"",IFERROR(SUMIFS('Lançamentos'!$H$5:$H$104,'Lançamentos'!$A$5:$A$104,">="&$E$7,'Lançamentos'!$A$5:$A$104,"<="&$H$7,'Lançamentos'!$C$5:$C$104,$A21,'Lançamentos'!$I$5:$I$104,'Premissas'!$H$5),0))) | D21: =IF(OR($A21="",$E$7="",$H$7=""),"",IF(COUNTIFS('Lançamentos'!$A$5:$A$104,">="&$E$7,'Lançamentos'!$A$5:$A$104,"<="&$H$7,'Lançamentos'!$C$5:$C$104,$A21,'Lançamentos'!$I$5:$I$104,'Premissas'!$H$6)=0,"",IFERROR(SUMIFS('Lançamentos'!$H$5:$H$104,'Lançamentos'!$A$5:$A$104,">="&$E$7,'Lançamentos'!$A$5:$A$104,"<="&$H$7,'Lançamentos'!$C$5:$C$104,$A21,'Lançamentos'!$I$5:$I$104,'Premissas'!$H$6),0))) | E21: =IF(OR($A21="",$E$7="",$H$7=""),"",IF(COUNTIFS('Lançamentos'!$A$5:$A$104,">="&$E$7,'Lançamentos'!$A$5:$A$104,"<="&$H$7,'Lançamentos'!$C$5:$C$104,$A21,'Lançamentos'!$I$5:$I$104,'Premissas'!$H$7)=0,"",IFERROR(SUMIFS('Lançamentos'!$H$5:$H$104,'Lançamentos'!$A$5:$A$104,">="&$E$7,'Lançamentos'!$A$5:$A$104,"<="&$H$7,'Lançamentos'!$C$5:$C$104,$A21,'Lançamentos'!$I$5:$I$104,'Premissas'!$H$7),0))) | F21: =IF(A21="","",IF(COUNT(D21:E21)=0,"",SUM(D21:E21))) | G21: =IF(OR(A21="",B21=""),"",B21-SUM(D21:E21)) | H21: =IF(OR(B21="",B21=0,F21=""),"",IFERROR(F21/B21,"")) | I21: =IF(A21="","",IF(B21="","Defina limite",IF(F21="","Sem compromisso",IF(G21<0,"Conferir excesso",IF(H21>=0.8,"Atenção ao limite","Dentro do limite")))))
A22: =IF('Premissas'!A16="","",'Premissas'!A16) | B22: =IF(A22="","",IFERROR(VLOOKUP(A22,'Premissas'!$A$5:$B$104,2,FALSE),"")) | C22: =IF(OR($A22="",$E$7="",$H$7=""),"",IF(COUNTIFS('Lançamentos'!$A$5:$A$104,">="&$E$7,'Lançamentos'!$A$5:$A$104,"<="&$H$7,'Lançamentos'!$C$5:$C$104,$A22,'Lançamentos'!$I$5:$I$104,'Premissas'!$H$5)=0,"",IFERROR(SUMIFS('Lançamentos'!$H$5:$H$104,'Lançamentos'!$A$5:$A$104,">="&$E$7,'Lançamentos'!$A$5:$A$104,"<="&$H$7,'Lançamentos'!$C$5:$C$104,$A22,'Lançamentos'!$I$5:$I$104,'Premissas'!$H$5),0))) | D22: =IF(OR($A22="",$E$7="",$H$7=""),"",IF(COUNTIFS('Lançamentos'!$A$5:$A$104,">="&$E$7,'Lançamentos'!$A$5:$A$104,"<="&$H$7,'Lançamentos'!$C$5:$C$104,$A22,'Lançamentos'!$I$5:$I$104,'Premissas'!$H$6)=0,"",IFERROR(SUMIFS('Lançamentos'!$H$5:$H$104,'Lançamentos'!$A$5:$A$104,">="&$E$7,'Lançamentos'!$A$5:$A$104,"<="&$H$7,'Lançamentos'!$C$5:$C$104,$A22,'Lançamentos'!$I$5:$I$104,'Premissas'!$H$6),0))) | E22: =IF(OR($A22="",$E$7="",$H$7=""),"",IF(COUNTIFS('Lançamentos'!$A$5:$A$104,">="&$E$7,'Lançamentos'!$A$5:$A$104,"<="&$H$7,'Lançamentos'!$C$5:$C$104,$A22,'Lançamentos'!$I$5:$I$104,'Premissas'!$H$7)=0,"",IFERROR(SUMIFS('Lançamentos'!$H$5:$H$104,'Lançamentos'!$A$5:$A$104,">="&$E$7,'Lançamentos'!$A$5:$A$104,"<="&$H$7,'Lançamentos'!$C$5:$C$104,$A22,'Lançamentos'!$I$5:$I$104,'Premissas'!$H$7),0))) | F22: =IF(A22="","",IF(COUNT(D22:E22)=0,"",SUM(D22:E22))) | G22: =IF(OR(A22="",B22=""),"",B22-SUM(D22:E22)) | H22: =IF(OR(B22="",B22=0,F22=""),"",IFERROR(F22/B22,"")) | I22: =IF(A22="","",IF(B22="","Defina limite",IF(F22="","Sem compromisso",IF(G22<0,"Conferir excesso",IF(H22>=0.8,"Atenção ao limite","Dentro do limite")))))
... A110: =IF('Premissas'!A104="","",'Premissas'!A104) | B110: =IF(A110="","",IFERROR(VLOOKUP(A110,'Premissas'!$A$5:$B$104,2,FALSE),"")) | C110: =IF(OR($A110="",$E$7="",$H$7=""),"",IF(COUNTIFS('Lançamentos'!$A$5:$A$104,">="&$E$7,'Lançamentos'!$A$5:$A$104,"<="&$H$7,'Lançamentos'!$C$5:$C$104,$A110,'Lançamentos'!$I$5:$I$104,'Premissas'!$H$5)=0,"",IFERROR(SUMIFS('Lançamentos'!$H$5:$H$104,'Lançamentos'!$A$5:$A$104,">="&$E$7,'Lançamentos'!$A$5:$A$104,"<="&$H$7,'Lançamentos'!$C$5:$C$104,$A110,'Lançamentos'!$I$5:$I$104,'Premissas'!$H$5),0))) | D110: =IF(OR($A110="",$E$7="",$H$7=""),"",IF(COUNTIFS('Lançamentos'!$A$5:$A$104,">="&$E$7,'Lançamentos'!$A$5:$A$104,"<="&$H$7,'Lançamentos'!$C$5:$C$104,$A110,'Lançamentos'!$I$5:$I$104,'Premissas'!$H$6)=0,"",IFERROR(SUMIFS('Lançamentos'!$H$5:$H$104,'Lançamentos'!$A$5:$A$104,">="&$E$7,'Lançamentos'!$A$5:$A$104,"<="&$H$7,'Lançamentos'!$C$5:$C$104,$A110,'Lançamentos'!$I$5:$I$104,'Premissas'!$H$6),0))) | E110: =IF(OR($A110="",$E$7="",$H$7=""),"",IF(COUNTIFS('Lançamentos'!$A$5:$A$104,">="&$E$7,'Lançamentos'!$A$5:$A$104,"<="&$H$7,'Lançamentos'!$C$5:$C$104,$A110,'Lançamentos'!$I$5:$I$104,'Premissas'!$H$7)=0,"",IFERROR(SUMIFS('Lançamentos'!$H$5:$H$104,'Lançamentos'!$A$5:$A$104,">="&$E$7,'Lançamentos'!$A$5:$A$104,"<="&$H$7,'Lançamentos'!$C$5:$C$104,$A110,'Lançamentos'!$I$5:$I$104,'Premissas'!$H$7),0))) | F110: =IF(A110="","",IF(COUNT(D110:E110)=0,"",SUM(D110:E110))) | G110: =IF(OR(A110="",B110=""),"",B110-SUM(D110:E110)) | H110: =IF(OR(B110="",B110=0,F110=""),"",IFERROR(F110/B110,"")) | I110: =IF(A110="","",IF(B110="","Defina limite",IF(F110="","Sem compromisso",IF(G110<0,"Conferir excesso",IF(H110>=0.8,"Atenção ao limite","Dentro do limite")))))

Sheet Lançamentos
A1: Lançamentos — rateio por ministério e atividade
A2: Registre cada parcela no centro de custo correspondente. Os lançamentos de exemplo são inteiramente fictícios.
A4: Data | B4: Descrição | C4: Ministério | D4: Atividade / evento | E4: Quantidade | F4: Valor unitário | G4: % de rateio | H4: Valor alocado | I4: Status | J4: Responsável
A5: 46267 | B5: Materiais fictícios de apoio | C5: Ministério Fictício Acolher | D5: Encontro fictício de integração | E5: 4 | F5: 85 | G5: 1 | H5: =IF(OR(A5="",E5="",F5="",G5=""),"",IFERROR(E5*F5*G5,"")) | I5: Pago | J5: Resp. Fictício A
A6: 46269 | B6: Locação fictícia compartilhada | C6: Ministério Fictício Sementes | D6: Oficina fictícia de formação | E6: 1 | F6: 1000 | G6: 0.6 | H6: =IF(OR(A6="",E6="",F6="",G6=""),"",IFERROR(E6*F6*G6,"")) | I6: Aprovado | J6: Resp. Fictício B
A7: 46269 | B7: Locação fictícia compartilhada | C7: Ministério Fictício Harmonia | D7: Ensaio fictício comunitário | E7: 1 | F7: 1000 | G7: 0.4 | H7: =IF(OR(A7="",E7="",F7="",G7=""),"",IFERROR(E7*F7*G7,"")) | I7: Aprovado | J7: Resp. Fictício C
A8: 46272 | B8: Impressos fictícios de atividade | C8: Ministério Fictício Caminhos | D8: Roda fictícia de conversa | E8: 6 | F8: 42.5 | G8: 1 | H8: =IF(OR(A8="",E8="",F8="",G8=""),"",IFERROR(E8*F8*G8,"")) | I8: Previsto | J8: Resp. Fictício D
A9: 46274 | B9: Insumos fictícios de oficina | C9: Ministério Fictício Esperança | D9: Oficina fictícia de acolhida | E9: 3 | F9: 120 | G9: 1 | H9: =IF(OR(A9="",E9="",F9="",G9=""),"",IFERROR(E9*F9*G9,"")) | I9: Pago | J9: Resp. Fictício E
A10: 46277 | B10: Recursos cênicos fictícios | C10: Ministério Fictício Criativo | D10: Apresentação fictícia temática | E10: 2 | F10: 210 | G10: 0.75 | H10: =IF(OR(A10="",E10="",F10="",G10=""),"",IFERROR(E10*F10*G10,"")) | I10: Aprovado | J10: Resp. Fictício F
A11: 46280 | B11: Serviço fictício de montagem | C11: Ministério Fictício Apoio | D11: Montagem fictícia de espaço | E11: 1 | F11: 680 | G11: 1 | H11: =IF(OR(A11="",E11="",F11="",G11=""),"",IFERROR(E11*F11*G11,"")) | I11: Cancelado | J11: Resp. Fictício G
A12: 46283 | B12: Materiais fictícios de ambientação | C12: Ministério Fictício Encontro | D12: Confraternização fictícia interna | E12: 10 | F12: 32 | G12: 1 | H12: =IF(OR(A12="",E12="",F12="",G12=""),"",IFERROR(E12*F12*G12,"")) | I12: Pago | J12: Resp. Fictício H
A13: 46286 | B13: Locação fictícia de equipamento | C13: Ministério Fictício Acolher | D13: Encontro fictício de famílias | E13: 1 | F13: 450 | G13: 0.5 | H13: =IF(OR(A13="",E13="",F13="",G13=""),"",IFERROR(E13*F13*G13,"")) | I13: Aprovado | J13: Resp. Fictício A
A14: 46286 | B14: Locação fictícia de equipamento | C14: Ministério Fictício Apoio | D14: Apoio fictício ao encontro | E14: 1 | F14: 450 | G14: 0.5 | H14: =IF(OR(A14="",E14="",F14="",G14=""),"",IFERROR(E14*F14*G14,"")) | I14: Aprovado | J14: Resp. Fictício G
H15: =IF(OR(A15="",E15="",F15="",G15=""),"",IFERROR(E15*F15*G15,""))
H16: =IF(OR(A16="",E16="",F16="",G16=""),"",IFERROR(E16*F16*G16,""))
H17: =IF(OR(A17="",E17="",F17="",G17=""),"",IFERROR(E17*F17*G17,""))
H18: =IF(OR(A18="",E18="",F18="",G18=""),"",IFERROR(E18*F18*G18,""))
H19: =IF(OR(A19="",E19="",F19="",G19=""),"",IFERROR(E19*F19*G19,""))
H20: =IF(OR(A20="",E20="",F20="",G20=""),"",IFERROR(E20*F20*G20,""))
H21: =IF(OR(A21="",E21="",F21="",G21=""),"",IFERROR(E21*F21*G21,""))
H22: =IF(OR(A22="",E22="",F22="",G22=""),"",IFERROR(E22*F22*G22,""))
H23: =IF(OR(A23="",E23="",F23="",G23=""),"",IFERROR(E23*F23*G23,""))
H24: =IF(OR(A24="",E24="",F24="",G24=""),"",IFERROR(E24*F24*G24,""))
H25: =IF(OR(A25="",E25="",F25="",G25=""),"",IFERROR(E25*F25*G25,""))
H26: =IF(OR(A26="",E26="",F26="",G26=""),"",IFERROR(E26*F26*G26,""))
... H104: =IF(OR(A104="",E104="",F104="",G104=""),"",IFERROR(E104*F104*G104,""))

Sheet Premissas
A1: Premissas — centros de custo dos ministérios
A2: Edite os centros de custo e os limites. Todos os nomes e valores de exemplo são fictícios. | E2: Data mínima aceita | F2: 45658
E3: Data máxima aceita | F3: 46752
A4: Ministério / centro de custo | B4: Limite mensal | C4: Ativo | E4: Quantidade máxima | F4: 1000 | H4: Status permitidos
A5: Ministério Fictício Acolher | B5: 3000 | C5: Sim | E5: Valor unitário máximo | F5: 100000 | H5: Previsto
A6: Ministério Fictício Sementes | B6: 4200 | C6: Sim | E6: Rateio máximo | F6: 1 | H6: Aprovado
A7: Ministério Fictício Harmonia | B7: 3800 | C7: Sim | E7: Limite mensal máximo | F7: 1000000 | H7: Pago
A8: Ministério Fictício Caminhos | B8: 2600 | C8: Sim | H8: Cancelado
A9: Ministério Fictício Esperança | B9: 3500 | C9: Sim
A10: Ministério Fictício Criativo | B10: 2800 | C10: Sim
A11: Ministério Fictício Apoio | B11: 5000 | C11: Sim
A12: Ministério Fictício Encontro | B12: 2400 | C12: Sim
